 Dungeon Crawl Stone Soup version 0.28.0 (webtiles) character file.

Game seed: 5094638855052787629

62 fiver49 the Slasher (level 4, -3/35 HPs)
             Began as a Djinni Cinder Acolyte on Feb 4, 2022.
             Was a High Priest of Ignis.
             Slain by Terence (10 damage)
             ... on level 1 of the Dungeon.
             The game lasted 00:06:36 (2489 turns).

fiver49 the Slasher (Djinni Cinder Acolyte)         Turns: 2489, Time: 00:06:38

Health: -3/35      AC:  3    Str: 13    XL:     4   Next: 28%
Gold:   63         EV: 10    Int: 17    God:    Ignis [*****.] SH:  0 Dex:  9

rFire   + + +      SeeInvis .   a - -1 falchion (flame)
rCold   x . .      Faith    .   (no shield)
rNeg    . . .      Spirit   .   g - +0 leather armour
rPois   ∞          Reflect  .   (no helmet)
rElec   .          Harm     .   (no cloak)
rCorr   .          Rampage  .   (no gloves)
Will    .....                   (boots unavailable)
Stlth   +.........              (no amulet)
HPRegen 0.11/turn               (no ring)
MPRegen 0.00/turn               (no ring)

@: flying
A: sickness immunity, fire resistance 2, cold vulnerability 1, float, innate
caster, HP casting, extra vitality 1
a: Renounce Religion, Fiery Armour, Foxfire Swarm, Rising Flame


You were on level 1 of the Dungeon.
You worshipped Ignis.
Ignis was extremely pleased with you.
You visited 1 branch of the dungeon, and saw 2 of its levels.

You collected 63 gold pieces.

Inventory:

Hand Weapons
 a - a -1 falchion of flaming (weapon)
Armour
 b - a +0 robe
 g - a +0 leather armour (worn)
   (You found it on level 1 of the Dungeon)
Jewellery
 e - a ring of positive energy
   (You found it on level 1 of the Dungeon)
Scrolls
 d - 3 scrolls of identify {unknown}
 f - a scroll of enchant weapon {unknown}
 h - a scroll of silence {unknown}
Potions
 c - a potion of mutation {unknown}


   Skills:
 - Level 3.0 Fighting
 + Level 4.4 Long Blades
 - Level 2.4 Spellcasting


You had 4 spell levels left.
You knew the following spells:

 Your Spells              Type           Power      Damage    Failure   Level
a - Scorch                Fire           20%        2d6       13%         2
b - Animate Skeleton      Necr           20%        N/A       9%          1
Your spell library was empty.

Dungeon Overview and Level Annotations

Branches:
Dungeon (2/15)

Altars:

Annotations:
D:1 Terence
D:2 Sigmund


Innate Abilities, Weirdness & Mutations

You are immune to sickness and miasma.
You are immune to poison.
Your flesh is very heat resistant. (rF++)
You are vulnerable to cold. (rC-)
You float through the air rather than walking.
You learn spells naturally, not from books.
Your magical power is your life essence.
You have superior vitality. (+4 MHP)


Message History

Your magical contamination has completely faded away.
You miss the adder.
The adder is heavily wounded.
The adder barely misses you. The gnoll barely misses you.
The adder bites you but does no damage.
You barely miss the adder.
The adder is heavily wounded.
The gnoll closely misses you. The adder bites you but does no damage.
You hit the adder. You burn the adder.
You kill the adder!
The gnoll closely misses you.
You have reached level 4!
You feel agile.
A gnoll comes into view. It is wielding a +0 spear.
A quokka comes into view.
You see here an adder corpse.
You see here a bat corpse.
You hit the quokka. You burn the quokka.
The quokka is severely wounded.
The quokka completely misses you.
You closely miss the quokka.
The quokka is severely wounded.
The quokka closely misses you. The quokka barely misses you.
You barely miss the quokka.
The quokka is severely wounded.
The gnoll closely misses you. The quokka bites you.
The gnoll closely misses you.
You barely miss the quokka.
The quokka is severely wounded.
The quokka closely misses you.
The gnoll hits you from afar with a +0 spear.
The gnoll hits you from afar with a +0 halberd.
You hit the quokka. You burn the quokka.
You kill the quokka!
The gnoll hits you from afar with a +0 spear.
The gnoll barely misses you.
A gnoll comes into view. It is wielding a +0 halberd.
The gnoll shouts!
You see here a +0 club.
Things that are here:
a quokka corpse; an adder corpse You see here a bat corpse.
A gnoll comes into view. It is wielding a +0 club.
The gnoll shouts!
The gnoll hits you with a +0 club.
You see here a +0 club.
Things that are here:
a quokka corpse; an adder corpse You see here a bat corpse.
The gnoll closely misses you.
There is a stone staircase leading up here.
You see here a quokka skeleton.
There is a stone staircase leading up here.
You see here a quokka skeleton.
The gnoll hits you from afar with a +0 halberd!
The gnoll closely misses you.
The gnoll hits you from afar with a +0 halberd.
The gnoll hits you with a +0 club.
Things that are here:
a +0 whip; a kobold skeleton
There is a stone staircase leading up here.
You see here a quokka skeleton.
There is a stone staircase leading up here.
You hit the gnoll. You burn the gnoll.
The gnoll is heavily wounded.
The gnoll hits you with a +0 club.
You are too injured to fight recklessly!
You are too injured to fight recklessly!
You are too injured to fight recklessly!
You are too injured to fight recklessly!
You hit the gnoll. You burn the gnoll.
The gnoll is severely wounded.
The gnoll hits you with a +0 club.
You slash the gnoll! You burn the gnoll.
You kill the gnoll!
The gnoll barely misses you.
There is a stone staircase leading up here.
The gnoll barely misses you.
Things that are here:
a +0 club; a gnoll corpse
There is a stone staircase leading up here.
You fly upwards.
Level annotation: Terence Terence barely misses you.
Terence hits you with a +0 mace.
There is a stone staircase leading down here.
Terence hits you with a +0 mace.
* * * LOW HITPOINT WARNING * * *
Terence shouts, "Now you die!" Terence says, "How do you enjoy it?"
Terence hits you with a +0 mace!
* * * LOW HITPOINT WARNING * * *
You see here 19 sling bullets.
Terence shouts, "Now you die!"
Casting: Scorch (safe; 13% risk of failure)
Confirm with . or Enter, or press ? or * to list all spells.
Okay, then.
Activating: Foxfire Swarm
Press: ? - help, Dir - look around, f - activate Flames leap up around you!
Terence hits you with a +0 mace!
You die...

#################################
.................................
########.########################
# ### #.# # #.# #.#
###.####.##########
..............vvvv###############
.##.####.#.#..v@@vv..............
..............vvvvv..............
.##.###....######v###########.###
.##.# #....# #.##.............
.##.###.#.)## #.#..........⌠...
............#####.#......⌠.......
................#.##.............
.##.#.####..#####.###..⌠...⌠...⌠.
.##.#.####..# #.#.##...........


You could see Terence (ally target).

Vanquished Creatures
  A gnoll (D:2)
  An adder (D:2)
  3 ball pythons
  4 bats
  4 endoplasms
  A giant cockroach (D:1)
  2 goblins
  7 hobgoblins
  3 jackals (D:1)
  4 quokkas
  A frilled lizard (D:1)
  3 kobolds
  A rat (D:1)
35 creatures vanquished.

Notes
Turn   | Place    | Note
-------+----------+-------------------------------------------
     0 | D:1      | fiver49 the Djinni Cinder Acolyte began the quest for the
                  | Orb.
     0 | D:1      | Reached XP level 1. HP: 20/20 MP: 0/0
   206 | D:1      | Reached skill level 3 in Long Blades
   214 | D:1      | Reached XP level 2. HP: 16/25 MP: 0/0
   880 | D:1      | Reached XP level 3. HP: 27/30 MP: 0/0
   880 | D:1      | Learned a level 1 spell: Animate Skeleton
  1674 | D:2      | Noticed Sigmund
  1708 | D:2      | Noticed Terence
  1972 | D:2      | Reached skill level 4 in Long Blades
  2115 | D:2      | Reached XP level 4. HP: 22/35 MP: 0/0
  2402 | D:1      | HP: 6/35 [Terence (5)]
  2441 | D:1      | HP: 2/35 [Terence (9)]
  2489 | D:1      | Slain by Terence

Illustrated notes

Levels and vault maps discovered:
D:1:      dpeg_arrival_lava_temple_mockup, layout_basic
D:2:      layout_rooms, minmay_misc_feat_room, minmay_goblin_kobold_house,
          uniq_terence, uniq_sigmund

Skill      XL: |  1  2  3 |
---------------+----------+-----
Long Blades    | 3 4 |  4.4
Fighting       | |  3.0
Spellcasting   | |  2.4

Action                   |  1- 3 |  4- 6 || total
-------------------------+-------+-------++-------
Melee: Falchion          |   105 |     8 ||   113
       Punch             |     3 |       ||     3
Invok: Foxfire Swarm     |       |     1 ||     1
Armor: Robe              |    19 |       ||    19
       Leather armour    |    12 |       ||    12
Dodge: Dodged            |    64 |    12 ||    76

Table legend: (Time is in decaauts)
 A = Elapsed time spent in this place.
 B = Non-inter-level travel time spent in this place.
 C = Inter-level travel time spent in this place.
 D = Time resting spent in this place.
 E = Time spent auto-exploring this place.
 F = Levels seen in this place.
 G = Mean time per level.
                   A        B        C        D        E       F      G
               +--------+--------+--------+--------+--------+-----+--------+
         Total |   2504 |   2449 |     55 |    437 |   1269 |   2 | 1252.0 |
       Dungeon |   2504 |   2449 |     55 |    437 |   1269 |   2 | 1252.0 |
               +--------+--------+--------+--------+--------+-----+--------+

Top non-repeatable levels by time:
     D:1: 1874 daAuts
     D:2: 630 daAuts

Table legend:
 A = Kills in this place as a percentage of kills in entire the game.
 B = Kills by you in this place as a percentage of kills by you in the entire game.
 C = Kills by friends in this place as a percentage of kills by friends in the entire game.
 D = Other kills in this place as a percentage of other kills in the entire game.
 E = Experience gained in this place as a percentage of experience gained in the entire game.
 F = Experience gained in this place divided by the number of levels of this place that you have seen.
                   A       B       C       D       E      F
               +-------+-------+-------+-------+-------+----------------------
         Total | 100.0 | 100.0 |   N/A |   N/A | 100.0 |  44.5
       Dungeon | 100.0 | 100.0 |   N/A |   N/A | 100.0 |  44.5
               +-------+-------+-------+-------+-------+----------------------
